 Dungeon Crawl Stone Soup version 0.28.0-53-g5a82cb258f (webtiles) character file.

Game seed: 8788007704980867337

231 LostInTranslocation the Magician (level 6, 0/45 HPs)
             Began as a Djinni Fire Elementalist on May 20, 2022.
             Slain by a sky beast (5 damage)
             ... on level 4 of the Dungeon on May 21, 2022.
             The game lasted 00:20:19 (4921 turns).

LostInTranslocation the Magician (DjFE)             Turns: 4921, Time: 00:20:20

Health: 0/45       AC:  2    Str:  7    XL:     6   Next: 24%
Gold:   211        EV: 13    Int: 18    God:
                   SH:  5    Dex: 14

rFire   + + .      SeeInvis .   c - +0 dagger
rCold   x . .      Faith    .   (no shield)
rNeg    . . .      Spirit   .   a - +0 robe
rPois   ∞          Reflect  +   (no helmet)
rElec   .          Harm     .   (no cloak)
rCorr   .          Rampage  .   (no gloves)
Will    .....                   (boots unavailable)
Stlth   ++........              h - amulet of reflection
HPRegen 0.15/turn               (no ring)
MPRegen 0.00/turn               (no ring)

@: flying
A: sickness immunity, fire resistance 2, cold vulnerability 1, float, innate
caster, HP casting, extra vitality 1
a: no special abilities


You were on level 4 of the Dungeon.
You visited 1 branch of the dungeon, and saw 4 of its levels.
You also visited: Sewer.

You collected 211 gold pieces.

Inventory:

Hand Weapons
 b - a +0 club
 c - a +0 dagger (weapon)
Missiles
 d - 119 stones
Armour
 a - a +0 robe (worn)
Jewellery
 h - an amulet of reflection (around neck)
 o - an amulet of regeneration
Scrolls
 e - a scroll of brand weapon {unknown}
 f - 2 scrolls of immolation {unknown}
 g - 3 scrolls of enchant weapon {unknown}
 n - 3 scrolls of amnesia {unknown}
 q - a scroll of silence {unknown}
 s - a scroll of teleportation {unknown}
Potions
 i - a potion of invisibility
 j - a potion of flight
 k - a potion of brilliance
 l - a potion of degeneration {unknown}
 m - 2 potions of mutation
 p - a potion of attraction
 r - a potion of lignification


   Skills:
 + Level 2.4 Fighting
 - Level 3.0 Dodging
 - Level 1.5 Stealth
 + Level 4.3 Spellcasting


You couldn't memorise any spells.
You knew the following spells:

 Your Spells              Type           Power      Damage    Failure   Level
a - Foxfire               Conj/Fire      76%        2x1d7     2%          1
b - Scorch                Fire           38%        2d7       3%          2
c - Conjure Flame         Conj/Fire      19%        6-21      8%          3
d - Inner Flame           Hex/Fire       19%        N/A       8%          3
e - Flame Wave            Conj/Fire      19%        2d6       24%         4
f - Shock                 Conj/Air       76%        1d7       2%          1
g - Blink                 Tloc           38%        N/A       3%          2
Your spell library was empty.

Dungeon Overview and Level Annotations

Branches:
Dungeon (4/15)              Sewer (visited)
 Temple: D:4-7

Altars:
Dithmenos

Annotations:
D:3 exclusions: ball python and 5 more exclusions, Sigmund, Terence


Innate Abilities, Weirdness & Mutations

You are immune to sickness and miasma.
You are immune to poison.
Your flesh is very heat resistant. (rF++)
You are vulnerable to cold. (rC-)
You float through the air rather than walking.
You learn spells naturally, not from books.
Your magical power is your life essence.
You have superior vitality. (+4 MHP)


Message History

Found a stone staircase leading down.
A sky beast comes into view.
Casting: Scorch (safe; 3% risk of failure)
Confirm with . or Enter, or press ? or * to list all spells.
Flames lash the sky beast.
The sky beast is moderately wounded.
The sky beast's fire resistance burns away.
Casting: Scorch (safe; 3% risk of failure)
Confirm with . or Enter, or press ? or * to list all spells.
Flames lash the sky beast.
The sky beast is burned terribly!
The sky beast is heavily wounded.
The sky beast hits you. The sky beast shocks you.
Casting: Scorch (safe; 3% risk of failure)
Confirm with . or Enter, or press ? or * to list all spells.
You blink.
Casting: Blink (safe; 3% risk of failure)
Confirm with . or Enter, or press ? or * to list all spells.
Flames lash the sky beast.
The sky beast is burned terribly!
The sky beast is almost dead.
The sky beast flickers out of sight!
Deactivating autopickup; reactivate with Ctrl-A.
Casting: Scorch (safe; 3% risk of failure)
Confirm with . or Enter, or press ? or * to list all spells.
You can't see any susceptible monsters within range! (Use Z to cast anyway.)
Casting: Scorch (safe; 3% risk of failure)
Confirm with . or Enter, or press ? or * to list all spells.
The fire begins to smoulder!
You feel stable enough to blink again. Something hits you but does no damage.
Casting: Conjure Flame (dangerous; 8% risk of failure)
Confirm with . or Enter, or press ? or * to list all spells.
The fire ignites!
You are engulfed in blazing flames.
You resist. Something hits you.
* * * LOW HITPOINT WARNING * * *
Something shocks you.
* * * LOW HITPOINT WARNING * * *
Something hits you.
* * * LOW HITPOINT WARNING * * *
Something shocks you.
You die...

#
................#.......#
#
...##...........#.......#
# ..
#...........#.......# # .
##+######...###..###### #
######...###..###..# #
.........).........# #
...................# #
###.###§{.##..##.#######
#. ##@..######.###...# .
#.................. .
#..................
###..##...######..#
#..###### #### +....
#.>... #...... #...


There were no monsters in sight!

Vanquished Creatures
  12 adders
  3 river rats
  An ufetubus (D:3)
  6 worms
  2 dart slugs
  An orc (D:3)
  5 ball pythons
  5 endoplasms
  2 giant cockroaches (D:1)
  2 goblins (D:1)
  6 hobgoblins
  4 jackals (D:1)
  4 quokkas
  4 bats
  6 frilled lizards
  4 kobolds
  10 rats
77 creatures vanquished.

Vanquished Creatures (others)
  33 foxfires
33 creatures vanquished.

Grand Total: 110 creatures vanquished

Notes
Turn   | Place    | Note
-------+----------+-------------------------------------------
     0 | D:1      | LostInTranslocation the Djinni Fire Elementalist began the
                  | quest for the Orb.
     0 | D:1      | Reached XP level 1. HP: 15/15 MP: 0/0
   331 | D:1      | Reached XP level 2. HP: 16/21 MP: 0/0
   925 | D:1      | Reached XP level 3. HP: 7/25 MP: 0/0
   925 | D:1      | Learned a level 1 spell: Shock
  1509 | D:2      | Reached skill level 3 in Spellcasting
  1877 | D:2      | Reached XP level 4. HP: 27/31 MP: 0/0
  2608 | D:3      | Noticed Terence
  3059 | D:3      | Found a shadowy altar of Dithmenos.
  3134 | D:3      | Noticed Sigmund
  3167 | D:3      | Reached XP level 5. HP: 27/36 MP: 0/0
  3167 | D:3      | Learned a level 2 spell: Blink
  3925 | D:4      | Reached skill level 1 in Fighting
  3927 | D:4      | Reached skill level 4 in Spellcasting
  3965 | D:4      | Found a glowing drain.
  4046 | Sewer    | Entered a sewer
  4334 | Sewer    | Reached XP level 6. HP: 38/43 MP: 0/0
  4911 | D:4      | Noticed a sky beast
  4921 | D:4      | Slain by a sky beast

Illustrated notes

Levels and vault maps discovered:
D:1:      moated_graveyard_arrival, layout_basic, hangedman_decor_points,
          minmay_pentomino_p4
D:2:      layout_basic
D:3:      layout_basic, kennysheep_ying_yang, grunt_dithmenos_smoke,
          serial_co_window_serial, co_window_of_opportunity_a,
          co_window_paths_a, co_window_paths_a, co_window_of_opportunity_a,
          co_window_corner_a, co_window_cross_2, co_window_unsneaky_path_b,
          co_window_of_opportunity_c, co_window_corner_ca, co_window_broadway_a,
          glass_columns_b, glass_columns_b, glass_columns_b, glass_columns_b,
          uniq_terence, uniq_sigmund
D:4:      layout_gridville, lightli_sewer_entry_pipes

Skill      XL: |  1  2  3  4  5 |
---------------+----------------+-----
Dodging        | 3 |  3.0
Spellcasting   | 3 4 |  4.3
Fighting       | 2 |  2.4
Stealth        | |  1.5

Action                   |  1- 3 |  4- 6 || total
-------------------------+-------+-------++-------
Melee: Club              |     2 |       ||     2
 Cast: Foxfire           |    12 |    11 ||    23
       Scorch            |    26 |    70 ||    96
       Conjure Flame     |       |     2 ||     2
       Blink             |       |     1 ||     1
  Use: Scroll            |       |     6 ||     6
Armor: Robe              |     3 |     3 ||     6
Dodge: Dodged            |     9 |     5 ||    14
Block: Other             |       |     2 ||     2
       Reflection        |       |     1 ||     1
